 Dungeon Crawl Stone Soup version 0.32-a0-401-g0bcb2a7693 (webtiles) character file.

Game seed: 2470251589090889906

19751 Kenran the Carver (level 12, -2/98 HPs)
             Began as a Coglin Gladiator on Feb 20, 2024.
             Was an Elder of Trog.
             Slain by a cane toad (17 damage)
             ... on level 2 of the Lair of Beasts.
             The game lasted 00:20:44 (10831 turns).

Kenran the Carver (Coglin Gladiator)               Turns: 10831, Time: 00:20:45

Health: -2/98      AC:  8    Str: 15    XL:     12   Next: 72%
Magic:  12/12      EV: 18    Int:  8    God:    Trog [****..]
Gold:   750        SH:  0    Dex: 20    Spells: 11/11 levels left

rFire   + . .        l - +3 scimitar {Surin}
rCold   + . .        q - +1 dagger (venom) {Atia}
rNeg    . . .        F - +0 troll leather armour
rPois   .            c - +0 helmet
rElec   .            p - +0 cloak
rCorr   .            b - +0 pair of gloves
SInv    .            D - +0 pair of boots
Will    .....        L - amulet "Buwe Dead" {Acrobat Rampage rF+ rC+}
Stlth   +            (no ring)
HPRegen 1.16/turn    (no ring)
MPRegen 0.13/turn

%: acrobat, rampage
@: lethally poisoned (-2 -> -5), on berserk cooldown, immotile, slowed, revved,
very slow
A: off-hand wielding, slow wielding, warmup strikes, legs shutdown
a: Renounce Religion, Berserk, Trog's Hand, Brothers in Arms


You were on level 2 of the Lair of Beasts.
You worshipped Trog.
Trog was greatly pleased with you.
You visited 2 branches of the dungeon, and saw 12 of its levels.
You also visited: Ossuary.

You collected 750 gold pieces.

Inventory:

Hand Weapons
 l - a +3 scimitar (weapon) {Surin}
 q - a +1 dagger of venom (worn) {Atia}
Missiles
 d - 4 throwing nets (quivered)
 e - 3 javelins
Armour
 b - a +0 pair of gloves (worn)
 c - a +0 helmet (worn)
 p - a +0 cloak (worn)
 D - a +0 pair of boots (worn)
 F - a +0 troll leather armour (worn)
Jewellery
 L - the amulet "Buwe Dead" (around neck) {Acrobat Rampage rF+ rC+}
   (You found it on level 2 of the Lair of Beasts)

   [amulet of the acrobat]

   Acrobat:   It increases your evasion while moving and waiting.
   rF+:       It protects you from fire.
   rC+:       It protects you from cold.
   Rampage:   It bestows one free step when moving towards enemies.
Wands
 n - a wand of iceblast (28)
 r - a wand of digging (14)
 w - a wand of polymorph (7)
 y - a wand of flame (45)
 J - a wand of paralysis (11)
 M - a wand of mindburst (4)
Scrolls
 f - 2 scrolls of silence
 g - a scroll of noise {!r}
 h - 2 scrolls of enchant weapon
 i - 4 scrolls of blinking
 j - 2 scrolls of torment {unknown}
 k - 5 scrolls of revelation
 o - 7 scrolls of teleportation
 t - a scroll of fog {unknown}
 u - 4 scrolls of immolation {!r}
 C - 2 scrolls of enchant armour
 G - a scroll of vulnerability {!r}
 N - a scroll of brand weapon {unknown}
Potions
 a - 2 potions of enlightenment
 m - 3 potions of haste
 s - a potion of resistance {unknown}
 v - 3 potions of might {unknown}
 x - a potion of lignification {unknown}
 z - a potion of cancellation {unknown}
 A - 13 potions of degeneration {!q}
 B - 4 potions of curing {@q1}
 E - 3 potions of mutation {unknown}
 H - a potion of brilliance {unknown}
 I - 2 potions of attraction {unknown}
 K - a potion of heal wounds {@q2}


   Skills:
 + Level 10.5 Fighting
 + Level 14.3 Long Blades
 - Level 1.7 Throwing
 - Level 4.0 Armour
 - Level 10.0 Dodging


You had 11 spell levels left.
You didn't know any spells.
Your spell library was empty.

Dungeon Overview and Level Annotations

Branches:
Dungeon (10/15)            Temple (0/1) D:6            Lair (2/5) D:8
    Orc (0/2) D:10        Ossuary (visited)
  Swamp: Lair:2-3    Shoals: Lair:2-3     Snake: Lair:2-3    Spider: Lair:2-3

Altars:
Ashenzari
Elyvilon
Kikubaaqudgha
Sif Muna
Trog
Uskayaw

Portals:
Abyss: D:5

Annotations:
D:4 2 runed translucent doors, YordlordTheGreat's ghost, amateur HuCA
D:5 2 transporters, iii8i's ghost, weakling TrDe
D:8 1 runed translucent door
D:9 2 runed translucent doors
Lair:1 exclusion: oklob plant


Innate Abilities, Weirdness & Mutations

You can wield a second weapon in your off-hand.
It takes a long time for you to wield or remove held weapons.
Your first few attacks do less damage.
Attacking and casting redirects power from your legs.


Message History

The death yak looks as sick as possible!
The cane toad barely misses you.
The death yak gores you but does no damage.
The cane toad stings you but does no damage.
You slash the death yak with your +3 scimitar!
The death yak is almost dead.
You hit the death yak but do no damage.
The death yak looks as sick as possible!
The death yak gores you!!
The cane toad stings you but does no damage.
You hit the death yak but do no damage.
The death yak looks as sick as possible!
The death yak is almost dead.
You hit the death yak but do no damage. The death yak barely misses you.
The cane toad stings you!
* * * LOW HITPOINT WARNING * * *
You are poisoned.
The cane toad poisons you!
You hit the death yak with your +1 dagger of venom.
The death yak looks as sick as possible!
The death yak is almost dead.
You slash the death yak with your +3 scimitar!
You kill the death yak!
Trog accepts your kill.
You feel very sick. The cane toad misses you.
You hit the cane toad but do no damage.
You slice the cane toad with your +3 scimitar!!
You feel very sick. The cane toad misses you.
You puncture the cane toad with your +1 dagger of venom!
The cane toad is heavily wounded.
You hit the cane toad with your +3 scimitar.
You feel very sick.
The cane toad stings you but does no damage.
You barely miss the cane toad with your +1 dagger of venom.
The cane toad is severely wounded.
You barely miss the cane toad with your +3 scimitar.
You feel sick. The cane toad stings you!
You die...

..................
......."..........
............#....#
...........###.###
............##.P###
#.PP##..#..#.#...P#
.#.P##P....###....#
.......P#..#.....##
.. ....)..@†....<.#
..#..#..F†.#...##
##..+P...##........
........# ###...#.
......... ####
........# .........
.........


You could see a cane toad.

Vanquished Creatures
  A hydra (Lair:1)
  4 death yaks (Lair:2)
  2 two-headed ogres (D:10)
  Maurice (D:7)
  Maggie (D:9)
  2 cane toads (Lair:1)
  3 komodo dragons (Lair:1)
  A rime drake (Lair:2)
  2 trolls
  5 wyverns
  A wraith (D:9)
  34 yaks
  3 basilisks
  A steam dragon (D:7)
  8 water moccasins
  3 black bears
  A sky beast (D:7)
  A swamp drake (D:10)
  4 orc warriors
  An ice beast (D:6)
  4 centaurs
  2 phantoms (D:5)
  5 bullfrogs
  3 elf zombies (Ossuary)
  2 kobold brigands
  A gnoll sergeant (D:9)
  2 scorpions
  A burial acolyte (D:7)
  7 wights
  A killer bee (D:4)
  2 bombardier beetles
  4 howler monkeys
  3 centaur zombies (Ossuary)
  3 human zombies (Ossuary)
  4 hounds
  3 gnoll boudas
  2 jellies
  5 orc priests
  4 sleepcaps
  Jessica (D:3)
  Terence (D:2)
  8 iguanas
  7 orc wizards
  7 hound zombies
  2 mummies (Ossuary)
  Robin (D:2)
  7 adders
  16 gnolls
  2 shadow imps (D:7)
  A white imp (D:7)
  5 adder zombies
  3 dart slugs
  3 ribbon worms
  25 orcs
  12 ball pythons
  4 bats
  4 endoplasms
  4 giant cockroaches
  9 gnoll zombies
  13 goblins
  12 hobgoblins
  16 kobolds
  3 quokkas
  5 frilled lizards
  A jackal zombie (Ossuary)
  7 kobold zombies
  6 orc zombies (Ossuary)
  6 rats
328 creatures vanquished.

Vanquished Creatures (collateral kills)
  2 death yaks (Lair:2)
2 creatures vanquished.

Vanquished Creatures (others)
  An orc wizard (D:10)
1 creature vanquished.

Grand Total: 331 creatures vanquished

Notes
Turn   | Place    | Note
-------+----------+-------------------------------------------
     0 | D:1      | Kenran the Coglin Gladiator began the quest for the Orb.
     0 | D:1      | Reached XP level 1. HP: 16/16 MP: 1/1
   231 | D:1      | Reached XP level 2. HP: 19/22 MP: 2/2
   262 | D:1      | Reached skill level 4 in Long Blades
   284 | D:1      | Found a faded altar of an unknown god.
   344 | D:1      | Reached XP level 3. HP: 27/27 MP: 3/3
   963 | D:1      | Reached XP level 4. HP: 24/33 MP: 4/4
   965 | D:1      | Reached skill level 5 in Long Blades
  1118 | D:2      | Reached XP level 5. HP: 34/38 MP: 5/5
  1643 | D:2      | Noticed Robin
  1666 | D:2      | Killed Robin
  1667 | D:2      | Reached skill level 6 in Long Blades
  1683 | D:2      | Noticed Terence
  1697 | D:2      | Killed Terence
  1902 | D:3      | Reached XP level 6. HP: 44/44 MP: 6/6
  1967 | D:3      | Noticed Jessica
  1973 | D:3      | Killed Jessica
  2531 | D:4      | Noticed a water moccasin
  2567 | D:4      | Reached skill level 7 in Long Blades
  2739 | D:4      | Found a runed translucent door.
  2747 | D:4      | Noticed YordlordTheGreat's ghost (amateur HuCA)
  2769 | D:4      | Killed a water moccasin
  2770 | D:4      | Reached XP level 7. HP: 35/50 MP: 5/7
  2867 | D:4      | Reached skill level 8 in Long Blades
  2922 | D:4      | Noticed a yak
  3022 | D:4      | Found a runed translucent door.
  3035 | D:4      | Found a bloodstained altar of Trog.
  3048 | D:4      | Reached skill level 9 in Long Blades
  3056 | D:4      | Became a worshipper of Trog the Wrathful
  3138 | D:4      | Reached XP level 8. HP: 55/56 MP: 8/8
  3212 | D:4      | Killed a yak
  3341 | D:4      | Reached skill level 10 in Long Blades
  3658 | D:5      | Entered Level 5 of the Dungeon
  3850 | D:5      | Found a shimmering blue altar of Sif Muna.
  3851 | D:5      | Found a white marble altar of Elyvilon.
  3851 | D:5      | Found a broken altar of Ashenzari.
  3876 | D:5      | Reached * piety under Trog
  4015 | D:5      | Found a transporter.
  4037 | D:5      | Found a one-way gate to the infinite horrors of the Abyss.
  4037 | D:5      | Noticed iii8i's ghost (weakling TrDe)
  4305 | D:5      | Reached skill level 5 in Dodging
  4306 | D:5      | Found a transporter.
  4624 | D:6      | HP: 2/56 [poisoned by a water moccasin]
  4631 | D:6      | Reached XP level 9. HP: 17/61 MP: 2/9
  4757 | D:6      | Found a sand-covered staircase.
  4778 | Ossuary  | Entered an ossuary
  4868 | Ossuary  | Reached ** piety under Trog
  5480 | D:6      | Found a staircase to the Ecumenical Temple.
  5849 | D:7      | Reached skill level 5 in Fighting
  5894 | D:6      | Reached skill level 11 in Long Blades
  6246 | D:7      | Reached *** piety under Trog
  6440 | D:7      | Noticed a troll
  6449 | D:7      | Killed a troll
  6450 | D:7      | Reached XP level 10. HP: 73/76 MP: 10/10
  6486 | D:7      | Noticed Maurice
  6515 | D:7      | Killed Maurice
  6516 | D:7      | Reached skill level 12 in Long Blades
  6627 | D:7      | Found an ancient bone altar of Kikubaaqudgha.
  7347 | D:8      | Noticed an entropy weaver
  7347 | D:8      | Noticed a boulder beetle
  7348 | D:8      | Found a runed translucent door.
  7350 | D:8      | Noticed a manticore
  7350 | D:8      | Noticed a deep elf pyromancer
  7350 | D:8      | Noticed an ogre mage
  7350 | D:8      | Noticed a rakshasa
  7350 | D:8      | Noticed a deep elf pyromancer
  7389 | D:8      | Found a staircase to the Lair.
  7453 | D:8      | Reached **** piety under Trog
  7638 | D:8      | Reached skill level 13 in Long Blades
  7970 | D:9      | Reached XP level 11. HP: 87/87 MP: 11/11
  8196 | D:9      | Found a hide-covered altar of Uskayaw.
  8212 | D:9      | Noticed Maggie
  8224 | D:9      | Killed Maggie
  8667 | D:9      | Found a large runed translucent door.
  8667 | D:9      | Found a large runed translucent door.
  8672 | D:9      | Noticed a centaur warrior
  8760 | D:10     | Entered Level 10 of the Dungeon
  9012 | D:10     | Noticed a two-headed ogre
  9022 | D:10     | Killed a two-headed ogre
  9023 | D:10     | Reached skill level 14 in Long Blades
  9071 | D:10     | Reached skill level 10 in Fighting
  9141 | D:10     | Noticed a two-headed ogre
  9150 | D:10     | Killed a two-headed ogre
  9258 | D:10     | Found a staircase to the Orcish Mines.
  9899 | Lair:1   | Entered Level 1 of the Lair of Beasts
 10015 | Lair:1   | Reached XP level 12. HP: 90/97 MP: 12/12
 10330 | Lair:1   | Noticed a four-headed hydra
 10360 | Lair:1   | Killed an eight-headed hydra
 10506 | Lair:1   | Reached skill level 10 in Dodging
 10698 | Lair:2   | Reached skill level 1 in Armour
 10756 | Lair:2   | Identified the amulet "Buwe Dead" {Acrobat Rampage rF+ rC+}
 10781 | Lair:2   | Noticed a death yak
 10782 | Lair:2   | Noticed a death yak
 10783 | Lair:2   | Noticed a death yak
 10791 | Lair:2   | Noticed a death yak
 10793 | Lair:2   | Killed a death yak
 10795 | Lair:2   | Noticed a death yak
 10796 | Lair:2   | Killed a death yak
 10797 | Lair:2   | Noticed a death yak
 10801 | Lair:2   | Killed a death yak
 10812 | Lair:2   | Killed a death yak
 10819 | Lair:2   | Killed a death yak
 10828 | Lair:2   | Killed a death yak
 10831 | Lair:2   | Slain by a cane toad

Illustrated notes

Levels and vault maps discovered:
D:1:      saegor_arrival_simple_b, layout_basic,
          ebering_ecumenical_altar_sacrificial, nicolae_grassy_gnolls
D:2:      layout_basic, uniq_robin, uniq_terence
D:3:      layout_basic, uniq_jessica
D:4:      minmay_diamond_boxcup, layout_loops_cross, trog_ov_bears_minmay,
          ebering_ghost_sewer_f, minmay_manual_moon
D:5:      layout_basic, grunt_temple_overflow_open,
          gammafunk_ghost_abyssal_escape
D:6:      layout_gridville, temple_doors_ab, enter_ossuary_2,
          minmay_misc_feat_hallway
D:7:      layout_cave_pools, regret_index_kikubaaqudgha_part_by_part,
          uniq_maurice
D:8:      minmay_gate_of_8, layout_loops_ring, minmay_lair_entry_grove
D:9:      okawaru_arena_lexackson, layout_basic,
          nicolae_uskayaw_murder_on_the_dancefloor, uniq_maggie
D:10:     layout_basic, erik_orc_1, kennysheep_boxes
Lair:1:   beast_lair_carwin_large_1, layout_hall_layers, minivault_25
Lair:2:   layout_regular_city, minmay_shoals_entry_centaurs,
          guppyfry_snake_entry_island

Skill      XL: |  1  2  3  4  5  6  7  8  9 10 11 12 |
---------------+-------------------------------------+-----
Long Blades    | 4 5 6 7 9 10 11 13 14 | 14.3
Dodging        | 6 8 10 | 10.0
Fighting       | 6 8 10 | 10.5
Armour         | 4 |  4.0
Throwing       | |  1.7

Action                     |  1- 3 |  4- 6 |  7- 9 | 10-12 || total
---------------------------+-------+-------+-------+-------++-------
  Melee: Long sword        |    64 |    92 |       |       ||   156
         Dagger            |       |    96 |   272 |   410 ||   778
         Scimitar          |       |    47 |   299 |   439 ||   785
 Invoke: Berserk           |       |       |       |     4 ||     4
         Trog's Hand       |       |       |       |     1 ||     1
         Brothers in Arms  |       |       |       |     1 ||     1
    Use: Potion            |     1 |       |     4 |     1 ||     6
         Scroll            |       |     3 |     5 |     3 ||    11
   Stab: Sleeping          |     1 |       |     1 |     1 ||     3
         Distracted        |       |       |       |     1 ||     1
 Armour: Ring mail         |    48 |    85 |   145 |       ||   278
         Steam dragon scal |       |       |     2 |       ||     2
         Troll leather arm |       |       |       |   225 ||   225
  Dodge: Dodged            |    50 |    69 |   151 |   246 ||   516
  Block: Other             |       |       |       |     4 ||     4

Table legend: (Time is in decaauts)
 A = Elapsed time spent in this place.
 B = Non-inter-level travel time spent in this place.
 C = Inter-level travel time spent in this place.
 D = Time resting spent in this place.
 E = Time spent auto-exploring this place.
 F = Levels seen in this place.
 G = Mean time per level.
                   A        B        C        D        E       F      G
               +--------+--------+--------+--------+--------+-----+--------+
         Total |  10642 |  10346 |    296 |   1397 |   6085 |  13 |  818.6 |
       Dungeon |   9479 |   9197 |    282 |   1269 |   5626 |  10 |  947.9 |
          Lair |    888 |    874 |     14 |    128 |    384 |   2 |  444.0 |
       Ossuary |    275 |    275 |      0 |      0 |     75 |   1 |  275.0 |
               +--------+--------+--------+--------+--------+-----+--------+

Top non-repeatable levels by time:
     D:4: 1179 daAuts
    D:10: 1063 daAuts
     D:6: 1018 daAuts
     D:7: 998 daAuts
     D:1: 956 daAuts
     D:9: 928 daAuts
     D:2: 894 daAuts
     D:8: 877 daAuts
     D:5: 799 daAuts
  Lair:1: 770 daAuts
     D:3: 763 daAuts
 Ossuary: 275 daAuts
  Lair:2: 117 daAuts
